 Dungeon Crawl Stone Soup version 0.19.4-9-g45fd643 (webtiles) character file.

525 maxonian the Skirmisher (level 7, -1/64 HPs)
             Began as a Naga Gladiator on Feb 17, 2017.
             Slain by Grinder (3 damage)
             ... on level 4 of the Dungeon.
             The game lasted 00:07:37 (4008 turns).

maxonian the Skirmisher (Naga Gladiator)            Turns: 4008, Time: 00:07:38

Health: -1/64      AC:  6    Str: 17    XL:     7   Next: 22%
Magic:  7/7        EV:  8    Int: 19    God:
Gold:   175        SH:  7    Dex: 12    Spells: 0 memorised, 6 levels left

rFire  . . .     SeeInvis +     o - +0 whip (elec)
rCold  . . .     Gourm    .     b - +0 leather armour
rNeg   . . .     Faith    .     E - +0 shield
rPois  +         Spirit   .     m - +1 helmet
rElec  .         Reflect  .     (no cloak)
rCorr  .         Harm     .     (no gloves)
MR     .....                    (no barding)
Stlth  +.........               (no amulet)
                                (no ring)
                                C - +4 ring of intelligence

@: brilliant, very slow
A: see invisible, deformed body, poison resistance, slowness 2, slow metabolism
1, spit poison 1, AC +2
a: Spit Poison


You were on level 4 of the Dungeon.
You were not hungry.

You visited 1 branch of the dungeon, and saw 4 of its levels.

You collected 175 gold pieces.

Inventory:

Hand Weapons
 a - a +0 long sword
 o - a +0 whip of electrocution (weapon)
 G - a +0 blowgun
 J - a +0 hunting sling
Missiles
 d - 3 throwing nets
 g - 79 stones
 h - 11 tomahawks (quivered)
 j - 12 bolts
 x - 59 arrows
 D - 20 poisoned needles
Armour
 b - a +0 leather armour (worn)
 m - a +1 helmet (worn)
 E - a +0 shield (worn)
Jewellery
 C - a +4 ring of intelligence (left hand)
Wands
 n - a wand of paralysis (7/24)
Scrolls
 c - 5 scrolls of teleportation {unknown}
 i - a scroll of random uselessness {unknown}
 l - 2 scrolls of remove curse {unknown}
 q - 2 scrolls of magic mapping {unknown}
 t - a scroll of enchant weapon {unknown}
 w - 2 scrolls of immolation {unknown}
 y - 2 scrolls of fear {unknown}
 I - a scroll of recharging {unknown}
Potions
 e - 2 potions of brilliance
 p - a potion of ambrosia {unknown}
 s - a potion of haste {unknown}
 v - a potion of might {unknown}
 z - a potion of flight {unknown}
 A - a potion of curing {unknown}
 B - 2 potions of cancellation {unknown}
 F - a potion of lignification {unknown}
Comestibles
 f - 4 bread rations
 k - 4 meat rations
 r - 3 fruits
 u - a slice of pizza


   Skills:
 + Level 4.2 Fighting
 - Level 3.4 Long Blades
 + Level 3.1 Maces & Flails
 - Level 1.7 Throwing
 + Level 2.7 Armour
 + Level 3.8 Dodging


You had 6 spell levels left.
You didn't know any spells.

Dungeon Overview and Level Annotations

Branches:
Dungeon (4/15)
 Temple: D:4-7

Altars:
Ashenzari
Dithmenos
Elyvilon
Fedhas
Kikubaaqudgha
Makhleb
Trog

Annotations:
D:4 Grinder


Innate Abilities, Weirdness & Mutations

You cannot wear boots.
Your serpentine skin is tough. (AC +2)
You have supernaturally acute eyesight. (SInv)
Armour fits poorly on your strangely shaped body.
Your system is resistant to poisons. (rPois)
You cover ground very slowly.
You have a slow metabolism.
You can spit poison.


Message History

You are too injured to fight recklessly!
You are too injured to fight recklessly!
You are too injured to fight recklessly!
You are too injured to fight recklessly!
You are too injured to fight recklessly!
You are too injured to fight recklessly!
You are too injured to fight recklessly!
Unknown command.
You barely miss Grinder.
Grinder is lightly wounded.
Grinder hits you.
* * * LOW HITPOINT WARNING * * *
You writhe in agony.
* * * LOW HITPOINT WARNING * * *
It was a potion of brilliance.
You feel clever all of a sudden. Grinder hits you.
* * * LOW HITPOINT WARNING * * *
You writhe in agony.
You die...

.......#####..######
..#...........#
#############.# ....
#.# #### #†#
#.########
#........# .
#.#........# ..
#.....@....# ...
##.....5...#
#.........#
###########


You could see Grinder.

Vanquished Creatures
  Sigmund (D:3)
  3 orc priests (D:3)
  Ijyb (D:2)
  Natasha (thrice) (D:3)
  An orc wizard (D:4)
  2 adders
  2 oozes
  2 worms (D:2)
  7 dart slugs
  3 leopard geckos
  13 orcs
  A ball python (D:3)
  9 bats
  A giant cockroach (D:2)
  5 goblins
  10 hobgoblins
  2 jackals (D:4)
  15 kobolds
  A quokka (D:2)
  9 frilled lizards
  11 rats
102 creatures vanquished.

Notes
Turn   | Place    | Note
-------+----------+-------------------------------------------
     0 | D:1      | maxonian the Naga Gladiator began the quest for the Orb.
     0 | D:1      | Reached XP level 1. HP: 19/19 MP: 1/1
   220 | D:1      | Reached XP level 2. HP: 20/26 MP: 2/2
   678 | D:1      | Reached skill level 1 in Armour
   684 | D:1      | Reached XP level 3. HP: 17/32 MP: 3/3
  1667 | D:2      | Reached XP level 4. HP: 35/40 MP: 4/4
  1816 | D:2      | Reached skill level 1 in Maces & Flails
  1981 | D:2      | Noticed Ijyb
  1981 | D:2      | Paralysed by Ijyb for 2 turns
  1990 | D:2      | Paralysed by Ijyb for 7 turns
  2001 | D:2      | Killed Ijyb
  2001 | D:2      | Reached skill level 3 in Fighting
  2292 | D:2      | Reached XP level 5. HP: 33/49 MP: 5/5
  2451 | D:3      | Found a white marble altar of Elyvilon.
  2829 | D:3      | Reached XP level 6. HP: 42/56 MP: 6/6
  3043 | D:3      | Noticed Natasha
  3045 | D:3      | Found a blossoming altar of Fedhas.
  3049 | D:3      | Killed Natasha
  3053 | D:3      | Found a bloodstained altar of Trog.
  3063 | D:3      | Found a shadowy altar of Dithmenos.
  3063 | D:3      | Found a burning altar of Makhleb.
  3067 | D:3      | Found a shattered altar of Ashenzari.
  3150 | D:3      | Found an ancient bone altar of Kikubaaqudgha.
  3162 | D:3      | Noticed Natasha
  3168 | D:3      | Killed Natasha
  3273 | D:3      | Noticed Natasha
  3277 | D:3      | Killed Natasha
  3281 | D:3      | Noticed Sigmund
  3299 | D:3      | Killed Sigmund
  3299 | D:3      | Reached skill level 4 in Fighting
  3299 | D:3      | Reached XP level 7. HP: 34/64 MP: 7/7
  3974 | D:4      | Noticed Grinder
  3982 | D:4      | Paralysed by Grinder for 4 turns
  4008 | D:4      | HP: 2/64 [Grinder (4)]
  4008 | D:4      | Slain by Grinder

Skill      XL: |  1  2  3  4  5  6 |
---------------+-------------------+-----
Armour         | 1 2 |  2.7
Maces & Flails | 1 2 3 |  3.1
Fighting       | 3 4 |  4.2
Dodging        | 3 |  3.8
Long Blades    | |  3.4
Throwing       | |  1.7

Action                   |  1- 3 |  4- 6 |  7- 9 || total
-------------------------+-------+-------+-------++-------
Melee: Long sword        |    58 |       |       ||    58
       Whip              |    44 |   144 |    59 ||   247
 Fire: Blowgun           |       |     4 |       ||     4
Throw: Tomahawk          |     1 |     2 |     5 ||     8
       Throwing net      |     1 |       |       ||     1
 Abil: Spit Poison       |     1 |     5 |     2 ||     8
  Use: Potion            |       |       |     1 ||     1
  Eat: Chunk             |     1 |     5 |     2 ||     8
Armor: Leather armour    |    48 |    47 |    19 ||   114
Dodge: Dodged            |    83 |    57 |    17 ||   157
Block: Shield            |       |    35 |    15 ||    50
       Rpst.: Long sword |     9 |       |       ||     9
